 Dungeon Crawl Stone Soup version 0.26-a0-712-ga5a9c9c9d0 (webtiles) character file.

Game seed: 3199667913767953455

16818 Arthanis the Cleaver (level 12, -7/120 HPs)
             Began as a Gargoyle Berserker on Nov 7, 2020.
             Was a High Priest of Trog.
             Mangled by a very large slime creature (15 damage)
             ... on level 12 of the Dungeon.
             The game lasted 00:16:54 (11371 turns).

Arthanis the Cleaver (Gargoyle Berserker)          Turns: 11371, Time: 00:16:54

Health: -7/120     AC: 28    Str: 20    XL:     12   Next: 41%
Magic:  12/12      EV:  7    Int: 14    God:    Trog [*****.]
Gold:   196        SH:  0    Dex:  9    Spells: 11/11 levels left

rFire    . . .     SeeInvis +   a - +2 hand axe (elec)
rCold    + . .     Faith    .   (no shield)
rNeg     + + .     Spirit   .   M - +1 plate armour {rC+}
rPois    ∞         Reflect  .   J - +0 helmet {SInv}
rElec    +         Harm     .   j - +0 cloak
rCorr    +         Rampage  .   N - +0 pair of gloves
MR       .....                  (no boots)
Stlth    ..........             (no amulet)
HPRegen  0.30/turn              L - ring of resist corrosion
MPRegen  0.13/turn              z - ring of positive energy

@: berserking (expiring), very quick
A: negative energy resistance 1, electricity resistance, unbreathing,
petrification resistance, rot immunity, AC +8
a: Berserk, Trog's Hand, Brothers in Arms, Renounce Religion


You were on level 12 of the Dungeon.
You worshipped Trog.
Trog was extremely pleased with you.
You visited 1 branch of the dungeon, and saw 12 of its levels.
You also visited: Bailey.

You collected 818 gold pieces.
You spent 622 gold pieces at shops.

Inventory:

Hand Weapons
 a - a +2 hand axe of electrocution (weapon)
 b - a +0 antimagic battleaxe
 c - a +0 antimagic whip
 g - a +0 trident
 h - a +0 hand axe
 A - a +0 spear of venom
 Q - the +7 halberd "Xirer" {drain, +Fly Dex+3 SInv, unknown}
   (You found it on level 10 of the Dungeon)

   A truly terrible weapon, it drains the life of those it strikes.
   It affects your dexterity (+3).
   It lets you see invisible.
   It lets you fly.
Armour
 i - a +0 ring mail
 j - a +0 cloak (worn)
 B - a +0 chain mail
 E - a +0 plate armour
 I - a +1 helmet of intelligence
 J - a +0 helmet of see invisible (worn)
 K - a +0 animal skin
 M - a +1 plate armour of cold resistance (worn)
 N - a +0 pair of gloves (worn)
Jewellery
 r - an uncursed ring of ice
 z - a ring of positive energy (right hand)
 L - a ring of resist corrosion (left hand)
 T - an uncursed ring of ice
Wands
 q - a wand of acid (17)
 C - a wand of flame (37)
 F - a wand of disintegration (9)
Scrolls
 e - 9 scrolls of remove curse
 l - 4 scrolls of amnesia
 n - 5 scrolls of teleportation
 o - 2 scrolls of enchant armour
 p - 3 scrolls of fog
 s - 3 scrolls of blinking
 t - 3 scrolls of immolation
 w - a scroll of enchant weapon
 y - a scroll of fear
 G - a scroll of holy word
 H - a scroll of random uselessness
 P - 2 scrolls of brand weapon
 R - a scroll of noise {unknown}
Potions
 d - a potion of stabbing {unknown}
 f - 2 potions of berserk rage
 k - 5 potions of might {unknown}
 m - 6 potions of curing
 u - 4 potions of flight
 v - a potion of haste {unknown}
 x - a potion of cancellation {unknown}
 D - a potion of lignification {unknown}
 O - a potion of heal wounds
 S - a potion of magic {unknown}


   Skills:
 + Level 11.2 Fighting
 * Level 12.7 Axes
 + Level 8.9 Armour
 + Level 3.5 Dodging
 + Level 5.2 Evocations


You had 11 spell levels left.
You didn't know any spells.
Your spell library contained the following spells:

 Spells                   Type           Power        Failure   Level
 Summon Demon             Summ           #.........   100%        5
 Summon Forest            Summ/Tloc      #.........   100%        5
 Summon Mana Viper        Hex/Summ       #.......     100%        5
 Shadow Creatures         Summ           N/A          100%        6
 Summon Hydra             Summ           #.........   100%        7


Dungeon Overview and Level Annotations

Branches:
Dungeon (12/15)            Temple (0/1) D:7            Lair (0/6) D:11
    Orc (0/2) D:10         Bailey (visited)

Altars:
Ashenzari
Fedhas
Gozag
Hepliaklqana
Okawaru
Qazlal
Ru
Trog
Uskayaw
Wu Jian
Zin
The Shining One

Shops:
D:4 *   D:10 ?   D:11 *

Annotations:
D:6 1 runed translucent door, kae's ghost, novice OpTm


Innate Abilities, Weirdness & Mutations

You are resistant to torment.
Your stone body is resilient. (AC +8)
You are immune to poison.
You resist negative energy. (rN+)
You are resistant to electric shocks. (rElec)
You can survive without breathing.
You are immune to petrification.
You are immune to rotting.


Message History

The very large slime creature hits you!
You slash the very large slime creature!
The very large slime creature is heavily wounded.
You slash the very large slime creature!
Lightning courses through the very large slime creature!
The very large slime creature is heavily wounded.
The very large slime creature hits you!!
* * * LOW HITPOINT WARNING * * *
You slash the very large slime creature!
Lightning courses through the very large slime creature!
The very large slime creature is severely wounded.
You slash the very large slime creature!
The very large slime creature is severely wounded.
The very large slime creature hits you but does no damage.
You hit the very large slime creature.
The very large slime creature is severely wounded.
You slash the very large slime creature!
The very large slime creature is almost dead.
The very large slime creature hits you!
You die...

.### #########..##
.(.# #...........#
##.# #...........#
...######.....<.....#
##......#†..........#
#.####.'†..........#
### ###...........#
########'#### #@#
###J# #...# #.### #'#


.JJ ..... +...... #..<...# You could see a very large slime creature.

Vanquished Creatures
  5 two-headed ogres
  An orc knight (Bailey)
  A mana viper (Bailey)
  2 ugly things
  3 trolls (D:9)
  2 slime creatures (D:12)
  2 hornets
  A snapping turtle (Bailey)
  Sigmund (D:3)
  25 yaks
  A wraith (D:10)
  An acid dragon (D:11)
  Duvessa (D:7)
  3 water moccasins
  5 orc warriors
  3 black bears
  4 sky beasts
  An eye of draining (D:3)
  4 ice beasts
  6 ogres
  A necrophage (D:10)
  9 centaurs
  2 big kobolds
  7 bullfrogs
  Dowan (D:7)
  2 scorpions
  11 wights (D:11)
  A howler monkey (D:6)
  A centaur zombie (D:8)
  2 bullfrog zombies
  6 hounds
  3 quasits
  10 orc priests
  2 centaur skeletons
  A jelly (D:11)
  2 bullfrog skeletons
  3 iguanas (D:10)
  13 orc wizards
  Ijyb (D:3)
  Terence (D:2)
  11 worker ants
  2 killer bee zombies
  A hound skeleton (D:10)
  5 gnolls
  A howler monkey skeleton (D:10)
  12 adders
  2 shadow imps
  2 white imps
  3 ufetubi
  An adder skeleton (D:2)
  4 worms
  7 dart slugs
  6 leopard geckos
  45 orcs
  7 bats
  7 goblins
  9 hobgoblins
  16 jackals
  22 kobolds
  12 quokkas
  4 ball pythons
  2 frilled lizards (D:3)
  A leopard gecko skeleton (D:8)
  A quokka skeleton (D:7)
  6 rats
340 creatures vanquished.

Vanquished Creatures (others)
  A fungus (D:5)
  3 plants (D:5)
4 creatures vanquished.

Grand Total: 344 creatures vanquished

Notes
Turn   | Place    | Note
-------+----------+-------------------------------------------
     0 | D:1      | Arthanis the Gargoyle Berserker began the quest for the
                  | Orb.
     0 | D:1      | Reached XP level 1. HP: 14/14 MP: 1/1
    53 | D:1      | Reached XP level 2. HP: 16/19 MP: 2/2
   330 | D:1      | Reached skill level 3 in Axes
   761 | D:1      | Reached XP level 3. HP: 23/23 MP: 3/3
   772 | D:1      | Reached ** piety under Trog
  1221 | D:2      | Reached XP level 4. HP: 10/29 MP: 4/4
  1320 | D:2      | Noticed Terence
  1335 | D:2      | Killed Terence
  1613 | D:2      | Found a glowing silver altar of Zin.
  1752 | D:2      | Reached XP level 5. HP: 33/33 MP: 5/5
  1969 | D:3      | Noticed an eye of draining
  1970 | D:3      | Found a bloodstained altar of Trog.
  1974 | D:3      | Reached skill level 4 in Axes
  1979 | D:3      | Killed an eye of draining
  2111 | D:3      | Reached XP level 6. HP: 39/39 MP: 6/6
  2120 | D:3      | Reached *** piety under Trog
  2252 | D:3      | Noticed Ijyb
  2262 | D:3      | Killed Ijyb
  2325 | D:3      | Found a faded altar of an unknown god.
  2618 | D:3      | Noticed Sigmund
  2636 | D:3      | Killed Sigmund
  2636 | D:3      | Reached skill level 5 in Axes
  2636 | D:3      | Reached skill level 1 in Evocations
  2636 | D:3      | Reached XP level 7. HP: 44/44 MP: 7/7
  3346 | D:4      | Found Zumm's Assorted Antiques.
  3354 | D:4      | Bought a pink potion for 24 gold pieces
  3354 | D:4      | Bought a scroll labeled IQE TOOLEU for 27 gold pieces
  3354 | D:4      | Bought a scroll labeled WOROSM HURUEMI for 27 gold pieces
  3354 | D:4      | Bought a scroll of teleportation for 81 gold pieces
  3511 | D:5      | Entered Level 5 of the Dungeon
  3523 | D:5      | Reached skill level 5 in Fighting
  3894 | D:5      | Reached XP level 8. HP: 50/50 MP: 8/8
  3957 | D:5      | Found a blossoming altar of Fedhas.
  3967 | D:5      | Reached skill level 6 in Axes
  3970 | D:5      | Found a stormy altar of Qazlal.
  3990 | D:5      | Reached **** piety under Trog
  3990 | D:5      | Reached skill level 5 in Armour
  4759 | D:6      | Reached skill level 7 in Axes
  4849 | D:6      | Reached XP level 9. HP: 45/56 MP: 9/9
  5046 | D:6      | Found a runed translucent door.
  5046 | D:6      | Noticed kae's ghost (novice OpTm)
  5455 | D:7      | Found a staircase to the Ecumenical Temple.
  5629 | D:7      | Reached ***** piety under Trog
  5716 | D:7      | Found a blossoming altar of Fedhas.
  5948 | D:7      | Reached skill level 8 in Axes
  6162 | D:7      | Found an ornate altar of the Wu Jian Council.
  6163 | D:7      | Noticed Dowan
  6171 | D:7      | Noticed Duvessa
  6180 | D:7      | Killed Duvessa
  6188 | D:7      | Killed Dowan
  6718 | D:8      | Reached XP level 10. HP: 54/64 MP: 10/10
  7048 | D:8      | Reached skill level 9 in Axes
  7084 | D:8      | Found a hide-covered altar of Uskayaw.
  7091 | D:8      | Found a sacrificial altar of Ru.
  7096 | D:8      | Found an opulent altar of Gozag.
  7103 | D:8      | Found a glowing golden altar of the Shining One.
  7108 | D:8      | Found an iron altar of Okawaru.
  7122 | D:8      | Found a broken altar of Ashenzari.
  7129 | D:8      | Found a hazy altar of Hepliaklqana.
  7249 | D:9      | Received a gift from Trog
  7640 | D:9      | You fall into a shaft and drop 3 floors!
  7641 | D:12     | Noticed a two-headed ogre
  7649 | D:12     | Killed a two-headed ogre
  7649 | D:12     | Reached skill level 10 in Axes
  7776 | D:11     | Found Bakkumn's General Store.
  7783 | D:11     | Bought a scroll of identify for 26 gold pieces
  7783 | D:11     | Bought a scroll of fog for 26 gold pieces
  7783 | D:11     | Bought a scroll of identify for 26 gold pieces
  7783 | D:11     | Bought a potion of heal wounds for 65 gold pieces
  7783 | D:11     | Bought a scroll of brand weapon for 260 gold pieces
  7801 | D:10     | Entered Level 10 of the Dungeon
  7824 | D:10     | Reached XP level 11. HP: 71/71 MP: 11/11
  7847 | D:10     | Reached skill level 11 in Axes
  7952 | D:10     | Noticed a two-headed ogre
  7966 | D:10     | Killed a two-headed ogre
  7966 | D:10     | Reached skill level 10 in Fighting
  7998 | D:10     | Found Morin Pejewn's Magic Scroll Shoppe.
  8036 | D:10     | Bought a scroll of identify for 30 gold pieces
  8036 | D:10     | Bought a scroll of identify for 30 gold pieces
  8041 | D:10     | Found a flagged portal.
  8055 | D:10     | Got a brightly glowing halberd
  8058 | Bailey   | Entered a bailey
  8144 | Bailey   | Noticed an orc knight
  8285 | Bailey   | Noticed an orc knight
  8285 | Bailey   | Noticed an orc knight
  8325 | Bailey   | Killed an orc knight
  8549 | Bailey   | Noticed a mana viper
  8549 | Bailey   | an orc knight changed into a mana viper
  8550 | Bailey   | an orc knight changed into a snapping turtle
  8601 | Bailey   | Killed a mana viper
  8943 | D:10     | Found a staircase to the Orcish Mines.
  8999 | D:10     | Reached skill level 12 in Axes
  9412 | D:10     | Noticed a two-headed ogre
  9427 | D:10     | Killed a two-headed ogre
  9442 | D:10     | Noticed a two-headed ogre
  9464 | D:10     | Killed a two-headed ogre
  9643 | D:11     | Reached XP level 12. HP: 66/79 MP: 12/12
 10237 | D:11     | Found a staircase to the Lair.
 10273 | D:11     | Received a gift from Trog
 10351 | D:11     | Noticed a two-headed ogre
 10361 | D:11     | Killed a two-headed ogre
 10361 | D:11     | Reached skill level 5 in Evocations
 10668 | D:11     | Reached ****** piety under Trog
 11371 | D:12     | Mangled by a very large slime creature

Illustrated notes

Levels and vault maps discovered:
D:1:      giann_bridges, layout_basic
D:2:      layout_rooms, old_standard_altar, minmay_pentomino_r2, uniq_terence
D:3:      cheibrodos_greedy_goblins, layout_basic,
          chequers_ecumenical_altar_simple_redux, trog_eyes_of_draining,
          uniq_ijyb, uniq_sigmund
D:4:      layout_basic, serial_shops, nicolae_shop_crystal
D:5:      layout_loops_ring, grunt_temple_overflow_forces_of_nature
D:6:      layout_loops_ring, hellmonk_ghost_happy_afterlife, minmay_statues_item
D:7:      layout_loops_ring, lemuel_round_altar, minmay_temple_entry_mist,
          fedhas_bush_and_centaur_altar, uniq_duvessa
D:8:      layout_loops_ring, grunt_temple_overflow_octagram
D:9:      layout_gridville
D:10:     layout_cave_pods, orc_0_dummy, serial_shops, shop, enter_bailey_2
D:11:     layout_basic, lair_entry_dummy, serial_shops, shop,
          hangedman_decor_points
D:12:     layout_roguey, uniq_jorgrun, uniq_kirke

Skill      XL: |  1  2  3  4  5  6  7  8  9 10 11 12 |
---------------+-------------------------------------+-----
Axes           | 3 4 5 7 8 10 12 | 12.7
Dodging        | 2 3 |  3.5
Armour         | 3 4 5 7 8 |  8.9
Fighting       | 4 5 6 7 9 10 11 | 11.2
Evocations     | 1 2 3 4 5 |  5.2

Action                   |  1- 3 |  4- 6 |  7- 9 | 10-12 || total
-------------------------+-------+-------+-------+-------++-------
Melee: Hand axe          |    95 |    99 |   373 |   448 ||  1015
       Spear             |       |       |       |    79 ||    79
Invok: Berserk           |     1 |     4 |     7 |     8 ||    20
       Trog's Hand       |       |     1 |     1 |     2 ||     4
Evoke: Wand              |       |       |       |    30 ||    30
  Use: Scroll            |       |     6 |     5 |     5 ||    16
 Stab: Paralysed         |       |       |       |     6 ||     6
Armor: Animal skin       |    32 |     5 |       |       ||    37
       Ring mail         |       |    35 |    68 |       ||   103
       Chain mail        |       |       |    50 |       ||    50
       Plate armour      |       |       |   134 |   300 ||   434
Dodge: Dodged            |    67 |    55 |   182 |   151 ||   455

Table legend: (Time is in decaauts)
 A = Elapsed time spent in this place.
 B = Non-inter-level travel time spent in this place.
 C = Inter-level travel time spent in this place.
 D = Time resting spent in this place.
 E = Time spent auto-exploring this place.
 F = Levels seen in this place.
 G = Mean time per level.
                   A        B        C        D        E       F      G
               +--------+--------+--------+--------+--------+-----+--------+
         Total |  11393 |  11075 |    318 |    227 |   8627 |  13 |  876.4 |
       Dungeon |  10606 |  10288 |    318 |      0 |   8308 |  12 |  883.8 |
        Bailey |    786 |    786 |      0 |    227 |    319 |   1 |  786.0 |
               +--------+--------+--------+--------+--------+-----+--------+

Top non-repeatable levels by time:
     D:5: 1165 daAuts
    D:10: 1056 daAuts
    D:11: 1023 daAuts
     D:1: 1023 daAuts
     D:3: 1022 daAuts
     D:7: 951 daAuts
     D:2: 938 daAuts
     D:8: 795 daAuts
  Bailey: 786 daAuts
     D:6: 772 daAuts
     D:9: 652 daAuts
    D:12: 610 daAuts
     D:4: 594 daAuts
